 Dungeon Crawl Stone Soup version 0.27.1-3-gb3d3a73c9e (webtiles) character file.

Game seed: 4086855565996632575

3785 Turgor the Transmogrifier (level 10, -2/74 HPs)
             Began as a Merfolk Ice Elementalist on Oct 8, 2021.
             Was a Follower of Sif Muna.
             Slain by a phantom (9 damage)
             ... on level 7 of the Dungeon on Oct 11, 2021.
             The game lasted 01:01:00 (7898 turns).

Turgor the Transmogrifier (MfIE)                    Turns: 7898, Time: 01:01:00

Health: -2/74      AC:  3    Str:  9    XL:     10   Next: 16%
Magic:  17/22      EV: 12    Int: 17    God:    Sif Muna [*.....]
Gold:   372        SH:  0    Dex: 15    Spells: 11/25 levels left

rFire    . . .     SeeInvis +   i - +1 war axe (flame)
rCold    . . .     Faith    .   (no shield)
rNeg     + . .     Spirit   .   a - +0 robe
rPois    .         Reflect  .   (helmet currently unavailable)
rElec    .         Harm     .   m - +0 cloak
rCorr    .         Rampage  .   (no gloves)
Will     .....                  (boots currently unavailable)
Stlth    ++........             H - amulet of the acrobat
HPRegen  0.22/turn              p - ring of see invisible
MPRegen  0.18/turn              s - ring of positive energy

@: appendages, attractive
A: horns 2, (nimble swimmer 2), mertail
a: End Transformation, Renounce Religion, Channel Magic


You were on level 7 of the Dungeon.
You worshipped Sif Muna.
Sif Muna was aware of your devotion.
You had temporarily grown beastly horns.
You visited 2 branches of the dungeon, and saw 8 of its levels.

You collected 372 gold pieces.

Inventory:

Hand Weapons
 i - a +1 war axe of flaming (weapon)
 l - a +0 spear
 z - a +0 vampiric short sword
 G - a +2 dagger of chaos
Missiles
 v - 4 curare-tipped darts
 w - 2 boomerangs of dispersal
 E - 3 throwing nets
 J - 5 poisoned darts (quivered)
Armour
 a - a +0 robe (worn)
 m - a +0 cloak (worn)
 F - a +3 ring mail
Magical Staves
 C - a staff of death
Jewellery
 p - a ring of see invisible (left hand)
 s - a ring of positive energy (right hand)
 H - an amulet of the acrobat (around neck)
Wands
 D - a wand of charming (4)
Scrolls
 e - 2 scrolls of fear
 g - a scroll of blinking {unknown}
 h - a scroll of identify {unknown}
 k - a scroll of noise {unknown}
 r - a scroll of vulnerability {unknown}
 u - a scroll of brand weapon {unknown}
 y - a scroll of teleportation {unknown}
 A - a scroll of acquirement {unknown}
 I - a scroll of immolation {unknown}
Potions
 b - a potion of cancellation {unknown}
 c - 3 potions of attraction
 d - a potion of experience
 f - 2 potions of haste {unknown}
 n - a potion of flight {unknown}
 o - a potion of invisibility {unknown}
 t - 2 potions of curing {unknown}
 x - a potion of mutation {unknown}
 B - a potion of lignification {unknown}


   Skills:
 - Level 5.5 Fighting
 - Level 7.3 Polearms
 - Level 2.6 Dodging
 - Level 2.1 Stealth
 + Level 8.1 Spellcasting
 + Level 10.8 Transmutations
 + Level 10.2 Ice Magic


You had 11 spell levels left.
You knew the following spells:

 Your Spells              Type           Power      Damage    Failure   Level
a - Freeze                Ice            100%       1d11      1%          1
b - Frozen Ramparts       Ice            82%        1d10      1%          3
c - Ozocubu's Armour      Ice            41%        N/A       1%          3
d - Beastly Appendage     Tmut           86%        N/A       1%          1
e - Wereblood             Tmut           43%        N/A       1%          2
f - Ice Form              Ice/Tmut       42%        N/A       1%          4

Your spell library contained the following spells:

 Spells                   Type           Power      Damage    Failure   Level
 Spider Form              Tmut/Pois      12%        N/A       3%          3
 Foxfire                  Conj/Fire      24%        2x1d5     11%         1
 Hailstorm                Conj/Ice       24%        3d7       12%         4
 Summon Ice Beast         Ice/Summ       24%        N/A       12%         4
 Call Canine Familiar     Summ           6%         N/A       30%         3
 Conjure Flame            Conj/Fire      6%         6-21      30%         3
 Inner Flame              Hex/Fire       6%         N/A       30%         3
 Portal Projectile        Hex/Tloc       12%        N/A       30%         3
 Cause Fear               Hex            3%         N/A       71%         4
 Leda's Liquefaction      Hex/Erth       3%         N/A       71%         4
 Discord                  Hex            3%         N/A       100%        8


Dungeon Overview and Level Annotations

Branches:
Dungeon (7/15)             Temple (1/1) D:6

Altars:
Ashenzari
Gozag
Makhleb
Ru
Sif Muna
Xom
Zin


Innate Abilities, Weirdness & Mutations

You have temporarily grown beastly horns.
((You are quick and stealthy near water. (Stealth+, EV+, Speed+++)))
Your lower body shifts to a powerful aquatic tail in water.


Message History

You barely miss the phantom.
The phantom is heavily damaged.
The phantom completely misses you.
You hit the phantom. You burn the phantom.
The phantom is severely damaged.
The phantom hits you but does no damage.
The phantom hits you.
The phantom blinks!
You blink.
You closely miss the phantom.
The phantom is severely damaged.
The phantom hits you!
* * * LOW HITPOINT WARNING * * *
The phantom blinks!
You blink.
You closely miss the phantom.
The phantom is severely damaged.
The phantom misses you. The phantom barely misses you.
You hit the phantom but do no damage.
The phantom is severely damaged.
The phantom hits you.
* * * LOW HITPOINT WARNING * * *
Casting: Ozocubu's Armour (safe; 1% risk of failure)
Confirm with . or Enter, or press ? or * to list all spells.
You grow a pair of large bovine horns.
The phantom hits you.
* * * LOW HITPOINT WARNING * * *
Unknown command.
It was a potion of attraction.
You feel attractive to monsters. The phantom hits you.
* * * LOW HITPOINT WARNING * * *
The phantom blinks!
You blink.
Found a stone staircase leading down.
It was a potion of experience.
You feel more experienced!
Your Fighting skill gained 5 levels and is now at level 5!
Your Polearms skill gained 7 levels and is now at level 7!
Your Spellcasting skill gained 2 levels and is now at level 8!
Your Transmutations skill gained 2 levels and is now at level 10!
Your Ice Magic skill gained 2 levels and is now at level 10!
You have reached level 10!
You feel stronger. The phantom hits you!
You die...

#######+##
#####........#
............+
##..........#
#..........#
#..........#
###.ยง......#
###.
##........#.....
#@....[.........
#.W..(..)<.###
#.#(##+###.#
#.#.. #.# # #..
#.. #... ####
#... .>...


You could see a phantom.

Vanquished Creatures
  A sky beast (D:5)
  5 black bears
  An ogre (D:6)
  A kobold brigand (D:6)
  3 scorpions
  2 howler monkeys (D:7)
  2 centaur zombies
  A crimson imp (D:6)
  A bullfrog zombie (D:5)
  A jelly (D:5)
  A bullfrog skeleton (D:5)
  2 hounds
  A gnoll shaman (D:6)
  An orc priest (D:6)
  3 iguanas
  7 orc wizards
  2 hound skeletons (D:4)
  A howler monkey skeleton (D:7)
  5 river rats (D:5)
  14 gnolls
  6 adders
  An ufetubus (D:6)
  An adder skeleton (D:4)
  2 worms (D:3)
  3 dart slugs
  26 orcs
  4 bats
  5 endoplasms (D:1)
  5 giant cockroaches (D:1)
  6 goblins
  3 hobgoblins
  2 jackals (D:4)
  13 kobolds
  12 quokkas
  4 ball pythons
  3 frilled lizards (D:3)
  21 rats
172 creatures vanquished.

Vanquished Creatures (collateral kills)
  A kobold (D:6)
1 creature vanquished.

Vanquished Creatures (others)
  A kobold (D:6)
1 creature vanquished.

Grand Total: 174 creatures vanquished

Notes
Turn   | Place    | Note
-------+----------+-------------------------------------------
     0 | D:1      | Turgor the Merfolk Ice Elementalist began the quest for the
                  | Orb.
     0 | D:1      | Reached XP level 1. HP: 13/13 MP: 3/3
   194 | D:1      | Reached XP level 2. HP: 18/19 MP: 1/5
   248 | D:1      | Found a faded altar of an unknown god.
   727 | D:1      | Reached XP level 3. HP: 18/24 MP: 3/6
   731 | D:1      | Learned a level 3 spell: Frozen Ramparts
   735 | D:1      | Learned a level 3 spell: Ozocubu's Armour
   994 | D:1      | Reached skill level 5 in Ice Magic
  1569 | D:2      | Reached XP level 4. HP: 30/30 MP: 3/8
  1644 | D:2      | Found a glowing silver altar of Zin.
  1941 | D:2      | Learned a level 1 spell: Beastly Appendage
  2247 | D:3      | Reached skill level 1 in Transmutations
  2247 | D:3      | Reached XP level 5. HP: 25/35 MP: 1/10
  2372 | D:3      | Learned a level 2 spell: Wereblood
  2831 | D:4      | Noticed a black bear
  2836 | D:4      | Killed a black bear
  2837 | D:4      | Reached XP level 6. HP: 36/41 MP: 1/11
  4026 | D:5      | Entered Level 5 of the Dungeon
  4065 | D:5      | Reached skill level 5 in Transmutations
  4065 | D:5      | Reached XP level 7. HP: 44/46 MP: 9/13
  4785 | D:5      | Reached skill level 5 in Spellcasting
  4785 | D:5      | Reached XP level 8. HP: 28/52 MP: 8/15
  5454 | D:5      | Learned a level 4 spell: Ice Form
  6007 | D:6      | Found a broken altar of Ashenzari.
  6278 | D:6      | Found a burning altar of Makhleb.
  6278 | D:6      | Found a shimmering altar of Xom.
  6506 | D:6      | Found a staircase to the Ecumenical Temple.
  6514 | Temple   | Entered the Ecumenical Temple
  6530 | Temple   | Became a worshipper of Sif Muna the Loreminder
  7255 | D:6      | Reached XP level 9. HP: 56/57 MP: 10/18
  7324 | D:6      | Reached * piety under Sif Muna
  7898 | D:7      | Reached skill level 5 in Fighting
  7898 | D:7      | Reached skill level 10 in Transmutations
  7898 | D:7      | Reached skill level 10 in Ice Magic
  7898 | D:7      | Reached XP level 10. HP: 7/74 MP: 17/22
  7898 | D:7      | Slain by a phantom

Illustrated notes

Levels and vault maps discovered:
D:1:      elethiomel_arrival_quiet, layout_loops_cross,
          shapermc_ecumenical_altar_venn
D:2:      layout_rooms, basic_altar
D:3:      layout_rooms, chequers_serial_rivers_micro_d
D:4:      layout_basic
D:5:      lemuel_ratsnest, layout_basic
D:6:      layout_cave_pods, grunt_temple_overflow_champion_of_chaos,
          lemuel_tele_altar, minmay_temple_entry_tees
D:7:      layout_basic, eino_small_chamber_without_monster, uniq_harold
Temple:   eino_temple_scatter_basement

Skill      XL: |  1  2  3  4  5  6  7  8  9 |
---------------+----------------------------+-----
Ice Magic      | 5 6 7 8 10 | 10.2
Spellcasting   | 3 4 5 6 8 |  8.1
Transmutations | 1 3 5 6 8 10 | 10.8
Fighting       | 5 |  5.5
Polearms       | 7 |  7.3
Dodging        | |  2.6
Stealth        | |  2.1

Action                   |  1- 3 |  4- 6 |  7- 9 | 10-12 || total
-------------------------+-------+-------+-------+-------++-------
Melee: Unarmed           |     1 |       |     5 |       ||     6
       Dagger            |     9 |       |       |       ||     9
       Spear             |     5 |    89 |    95 |       ||   189
       Headbutt          |       |       |     4 |       ||     4
       Short sword       |       |       |    16 |       ||    16
       War axe           |       |       |    15 |       ||    15
Throw: Stone             |     3 |    18 |    19 |       ||    40
       Dart              |       |       |     3 |       ||     3
 Cast: Freeze            |    47 |    33 |    49 |       ||   129
       Frozen Ramparts   |     1 |    18 |    41 |       ||    60
       Ozocubu's Armour  |       |     3 |    12 |       ||    15
       Beastly Appendage |       |     1 |     4 |       ||     5
       Wereblood         |       |       |     2 |       ||     2
       Ice Form          |       |       |     1 |       ||     1
Evoke: Wand              |       |       |     2 |       ||     2
  Use: Scroll            |       |       |     1 |       ||     1
       Potion            |       |       |     2 |       ||     2
 Stab: Sleeping          |    10 |     2 |       |       ||    12
Armor: Robe              |     4 |    27 |    54 |       ||    85
       Skin              |       |       |     5 |       ||     5
Dodge: Dodged            |    25 |    50 |    97 |       ||   172
